 Dungeon Crawl Stone Soup version 0.28-b1-25-g9875b3fc8c (webtiles) character file.

Game seed: 15862249310046303467

91 lordive the Conjurer (level 4, -8/24 HPs)
             Began as a Tengu Conjurer on Feb 1, 2022.
             Mangled by an iron imp (9 damage)
             ... summoned by Natasha
             ... on level 2 of the Dungeon.
             The game lasted 00:01:53 (1592 turns).

lordive the Conjurer (Tengu Conjurer)               Turns: 1592, Time: 00:01:54

Health: -8/24      AC:  2    Str:  7    XL:     4   Next: 57%
Magic:  3/9        EV: 12    Int: 21    God:
Gold:   54         SH:  0    Dex: 12    Spells: 5/8 levels left

rFire   . . .      SeeInvis .   (no weapon)
rCold   . . .      Faith    .   (no shield)
rNeg    . . .      Spirit   .   a - +0 robe
rPois   .          Reflect  .   (helmet restricted)
rElec   .          Harm     .   (no cloak)
rCorr   .          Rampage  .   (no gloves)
Will    .....                   (boots unavailable)
Stlth   ++........              (no amulet)
HPRegen 0.08/turn               (no ring)
MPRegen 0.11/turn               (no ring)

@: slowed, very slow
A: beak, talons 3
a: no special abilities


You were on level 2 of the Dungeon.
You visited 1 branch of the dungeon, and saw 2 of its levels.

You collected 54 gold pieces.

Inventory:

Armour
 a - a +0 robe (worn)
Scrolls
 c - a scroll of vulnerability {unknown}
 d - a scroll of silence {unknown}
Potions
 b - a potion of curing {unknown}
 e - a potion of heal wounds {unknown}
 f - a potion of brilliance {unknown}
 g - a potion of mutation {unknown}


   Skills:
 + Level 2.7 Dodging
 - Level 2.0 Stealth
 + Level 2.8 Spellcasting
 + Level 6.8 Conjurations


You had 5 spell levels left.
You knew the following spells:

 Your Spells              Type           Power      Damage    Failure   Level
a - Magic Dart            Conj           100%       1d8       1%          1
b - Searing Ray           Conj           62%        2d6       1%          2

Your spell library contained the following spells:

 Spells                   Type           Power      Damage    Failure   Level
 Dazzling Flash           Conj/Hex       34%        N/A       10%         3
 Fulminant Prism          Conj/Hex       8%         3d7       32%         4
 Iskenderun's Mystic Bla  Conj/Tloc      17%        2d5       32%         4


Dungeon Overview and Level Annotations

Branches:
Dungeon (2/15)

Altars:

Annotations:
D:2 Natasha


Innate Abilities, Weirdness & Mutations

You have a beak for a mouth.
You have claws for feet.


Message History

Natasha is almost dead.
Natasha mumbles some strange words.
You feel disoriented. Natasha closely misses you.
Unknown command.
Natasha extends her claws.
Natasha stares at you and mumbles some strange words.
You feel yourself slow down.
Natasha stares at you and mumbles some strange words.
The magic dart hits you.
Natasha casts a spell.
The goblin shouts!
The goblin unwields a +0 club.
The goblin wields a +0 hunting sling.
The goblin shoots a stone.
The stone closely misses you.
Natasha stares at you and mumbles some strange words.
You resist with some effort.
The goblin unwields a +0 hunting sling.
The goblin wields a +0 club.
The goblin barely misses you. The goblin hits you with a +0 club.
Natasha mumbles some strange words.
The goblin hits you but does no damage. The goblin hits you but does no damage.
The goblin hits you with a +0 club. The iron imp closely misses you.
The iron imp hits you!
The crimson imp blinks!
There is a large open door here.
The crimson imp summons a swarm of flies.
The goblin unwields a +0 club.
The goblin wields a +0 hunting sling.
The goblin shoots a stone.
The stone closely misses you.
The stone barely misses the crimson imp.
The crimson imp hits you.
* * * LOW HITPOINT WARNING * * *
Unknown command.
The crimson imp barely misses you. The iron imp misses you.
The crimson imp hits you but does no damage.
The crimson imp disappears in a puff of smoke!
Natasha stares at you and mumbles some strange words.
The magic dart hits you.
* * * LOW HITPOINT WARNING * * *
The iron imp hits you!
You die...

#.........### ##.###.....##
'.........'. ###++###......≈.....
#.........# #......##.####≈....#
#.......# ###......#..##..≈....#
###.....# #.'...⌠..'..†..#≈.≈..#
...#...#####.5..⌠...'.###.#≈...##
.........5g..#.g§...### #.#≈..##
....#.####.###.5h...# #..≈..#
......# #.# ###@'### ###.###
......####.####....# #####.#####
...................# #.........#
.........#.######### #.###.###.#
.........#.# #.# #.# ....#....#.#
#.###.# ###........# #......
###.###### #####.# #.# #.#


You could see 2 iron imps, Natasha and a goblin.

Vanquished Creatures
  Natasha (D:2)
  3 adders (D:2)
  A dart slug (D:1)
  An endoplasm (D:1)
  3 giant cockroaches
  2 goblins (D:1)
  6 hobgoblins
  3 kobolds (D:1)
  2 quokkas (D:1)
  2 ball pythons (D:1)
  7 bats
  3 frilled lizards (D:1)
  3 rats
37 creatures vanquished.

Notes
Turn   | Place    | Note
-------+----------+-------------------------------------------
     0 | D:1      | lordive the Tengu Conjurer began the quest for the Orb.
     0 | D:1      | Reached XP level 1. HP: 10/10 MP: 4/4
   166 | D:1      | Reached XP level 2. HP: 15/15 MP: 4/6
   169 | D:1      | Learned a level 2 spell: Searing Ray
   405 | D:1      | Reached skill level 6 in Conjurations
   652 | D:1      | Reached XP level 3. HP: 19/19 MP: 5/7
  1155 | D:2      | Noticed Natasha
  1159 | D:2      | Killed Natasha
  1160 | D:2      | Reached XP level 4. HP: 24/24 MP: 2/8
  1570 | D:2      | Noticed Natasha
  1592 | D:2      | HP: 1/24 [Natasha/magic dart (5)]
  1592 | D:2      | Mangled by an iron imp

Illustrated notes

Levels and vault maps discovered:
D:1:      psy_arrival_fountain, layout_basic
D:2:      layout_loops_corners, ebering_ecumenical_altar_petrified,
          chequers_serial_rivers_micro_e, kennysheep_generic_room_12,
          uniq_natasha, uniq_sigmund

Skill      XL: |  1  2 |
---------------+-------+-----
Conjurations   | 6 |  6.8
Dodging        | |  2.7
Stealth        | |  2.0
Spellcasting   | |  2.8

Action                   |  1- 3 |  4- 6 || total
-------------------------+-------+-------++-------
 Cast: Magic Dart        |    53 |    12 ||    65
       Searing Ray       |     1 |     3 ||     4
Armor: Robe              |       |     3 ||     3
Dodge: Dodged            |     2 |    10 ||    12
